Map: Odyssey LE

Players

Cham

  • Race: Zerg Zerg
  • Spawn Location: 5:00

Elazer - Winner!

  • Race: Zerg Zerg
  • Spawn Location: 11:00

Event: WCS Jonkoping 2017

VOD

https://youtu.be/qhJ_aNQ50kY

Description

Time

  • Played on: June 19, 2017, 7:40 a.m.
  • Length: 6:52

All games in this series

Show
View Real Time Build Order
Export as new Build Order

Cham Zerg 

Build Orders: Hatch First 

Get SALT Encoding   

  12  0:00  Drone  
  13  0:08  Drone  
  14  0:17  Overlord  
  14  0:36  Drone x3  
  17  0:51  Hatchery  
  17  0:55  Drone  
  17  0:58  Drone  
  17  1:02  Extractor  
  17  1:13  Spawning Pool  
  17  1:16  Drone  
  17  1:20  Drone  
  18  1:32  Drone  
  19  1:42  Overlord  
  19  2:00  Queen  
  21  2:01  Zergling x2, Metabolic Boost  
  21  2:03  Queen  
  21  2:05  Zergling x2  
  21  2:08  Zergling x2  
  26  2:14  Spine Crawler  
  25  2:17  Drone  
  25  2:19  Drone  
  27  2:30  Overlord  
  27  2:32  Drone  
  27  2:35  Drone  
  29  2:40  Queen  
  31  2:47  Drone  
  31  2:48  Drone  
  34  2:59  Hatchery  
  33  3:09  Drone x2  
  33  3:10  Overlord  
  33  3:12  Zergling x4  
  37  3:14  Zergling x2  
  37  3:16  Zergling x2  
  39  3:21  Zergling x4  
  39  3:24  Drone  
  39  3:26  Zergling x2  
  43  3:28  Zergling x2  
  44  3:37  Roach Warren, Zergling x2  
  44  3:39  Zergling x2  
  45  3:49  Zergling x4  
  46  3:57  Zergling x2  
  46  3:59  Zergling x4  
  46  4:00  Zergling x4  
  41  4:07  Zergling x4  
  36  4:11  Zergling x2  
  36  4:13  Zergling x2  
  36  4:16  Zergling x2  
  40  4:20  Roach  
  40  4:24  Roach x2  
  44  4:25  Roach  
  44  4:29  Roach  
  47  4:35  Roach  
  47  4:37  Roach  
  50  4:43  Roach  
  47  4:46  Roach x2  
  47  4:52  Roach  
  48  4:54  Roach  
  48  4:57  Roach  
  50  5:04  Zergling x2, Roach  
  53  5:10  Overlord  
  53  5:12  Queen  
  55  5:19  Drone x2  
  57  5:24  Drone  
  57  5:28  Overlord  
  58  5:30  Overlord  
  58  5:39  Drone x2  
  58  5:40  Drone x2  
  62  5:45  Queen  
  64  5:50  Drone x2  
  64  5:54  Roach  
  67  5:57  Roach  
  67  6:00  Roach  
  71  6:05  Roach  
  71  6:10  Evolution Chamber  
  71  6:11  Roach  
  74  6:14  Evolution Chamber  
  74  6:17  Roach  
  71  6:19  Roach  
  71  6:24  Roach  
  55  6:26  Roach  
  55  6:29  Zergling x4  
  49  6:35  Zergling x4  
Show
View Real Time Build Order
Export as new Build Order

Elazer Zerg - Winner!

Build Orders: Hatch First, Zergling Baneling 

Get SALT Encoding   

  12  0:00  Drone  
  13  0:12  Overlord  
  13  0:16  Drone  
  14  0:31  Drone x2  
  14  0:35  Drone  
  17  0:51  Hatchery  
  17  0:53  Drone  
  17  0:57  Drone  
  18  1:08  Extractor  
  17  1:12  Spawning Pool  
  17  1:14  Drone  
  17  1:18  Drone  
  18  1:28  Drone  
  19  1:39  Overlord  
  19  1:58  Queen  
  19  1:59  Zergling x2  
  19  2:00  Zergling x2  
  23  2:02  Queen  
  23  2:03  Zergling x2  
  23  2:07  Metabolic Boost  
  26  2:11  Drone  
  26  2:14  Drone  
  28  2:24  Drone x2  
  28  2:28  Baneling Nest  
  29  2:33  Drone  
  29  2:37  Drone  
  31  2:45  Overlord  
  31  2:47  Drone  
  32  2:54  Zergling x2  
  32  2:58  Zergling x2  
  34  3:06  Zergling x2  
  34  3:07  Zergling x6  
  34  3:10  Zergling x8  
  42  3:20  Overlord  
  42  3:23  Baneling  
  42  3:24  Baneling  
  42  3:27  Baneling x3  
  42  3:28  Baneling  
  42  3:30  Zergling x4  
  44  3:45  Zergling x14  
  50  3:50  Baneling  
  49  4:01  Zergling x2  
  49  4:02  Zergling x6  
  44  4:10  Zergling x2  
  44  4:11  Zergling x6  
  44  4:16  Baneling x2  
  47  4:21  Zergling x6  
  50  4:28  Hatchery  
  50  4:29  Zergling x4  
  50  4:31  Baneling  
  49  4:35  Baneling x3  
  49  4:37  Zergling x4  
  51  4:45  Zergling x4  
  49  4:51  Zergling x6  
  46  4:54  Zergling x6  
  45  5:07  Drone x2  
  46  5:16  Zergling x4  
  50  5:23  Overlord  
  50  5:25  Overlord  
  50  5:33  Zergling x2  
  50  5:34  Zergling x2  
  52  5:40  Zergling x2  
  52  5:41  Zergling x10  
  56  5:46  Baneling x8  
  56  5:54  Baneling  
  56  5:55  Zergling x6  
  59  6:00  Zergling x4  
  61  6:07  Zergling x10  
  60  6:21  Zergling x4  
  60  6:22  Zergling x4  
  55  6:26  Zergling x4  
  55  6:29  Zergling x8  
  55  6:32  Zergling x4  
  60  6:35  Zergling x2  
Tags
 
Add a new tag
Caveats
  • Supply blocks, unpowered buildings, or Contaminate may cause inaccurate times.
  • Supply counts are checked every 10 seconds.